 Dungeon Crawl Stone Soup version 0.29-a0-472-ge5599a681e (webtiles) character file.

Game seed: 1925576164424677775

49 greenreed the Skirmisher (level 3, -1/33 HPs)
             Began as a Hill Orc Monk on May 22, 2022.
             Slain by a gnoll
             ... wielding a +0 club
              (3 damage)
             ... on level 1 of the Dungeon.
             The game lasted 00:03:29 (1099 turns).

greenreed the Skirmisher (Hill Orc Monk)            Turns: 1099, Time: 00:03:29

Health: -1/33      AC:  3    Str: 15    XL:     3   Next: 75%
Magic:  0/3        EV: 12    Int: 10    God:
Gold:   52         SH:  3    Dex: 13    Spells: 2/2 levels left

rFire   . . .      SeeInvis +   a - +0 spear
rCold   . . .      Faith    .   m - +0 buckler
rNeg    . . .      Spirit   +   b - +0 robe
rPois   .          Reflect  .   n - +0 helmet
rElec   .          Harm     .   (no cloak)
rCorr   .          Rampage  .   (no gloves)
Will    .....                   (no boots)
Stlth   ++........              g - amulet of guardian spirit
HPRegen 0.11/turn               s - ring of see invisible
MPRegen 0.08/turn               (no ring)

@: lethally poisoned (-1 -> -25)
A: no striking features
a: no special abilities


You were on level 1 of the Dungeon.
You visited 1 branch of the dungeon, and saw 2 of its levels.

You collected 52 gold pieces.

Inventory:

Hand Weapons
 a - a +0 spear (weapon)
Armour
 b - a +0 robe (worn)
 m - a +0 buckler (worn)
 n - a +0 helmet (worn)
 o - a scarf of harm
Jewellery
 g - an amulet of guardian spirit (around neck)
 s - a ring of see invisible (left hand)
Scrolls
 e - a scroll of blinking {unknown}
 f - a scroll of identify {unknown}
 j - a scroll of fear {unknown}
 l - a scroll of summoning {unknown}
 q - 3 scrolls of vulnerability {unknown}
 r - a scroll of enchant weapon {unknown}
 t - a scroll of immolation {unknown}
Potions
 d - a potion of flight {unknown}
 h - a potion of cancellation {unknown}
 i - a potion of curing {unknown}
 k - a potion of brilliance {unknown}
 p - a potion of lignification {unknown}


   Skills:
 + Level 4.2 Fighting
 + Level 4.0 Polearms
 + Level 2.8 Dodging
 + Level 1.8 Stealth


You had 2 spell levels left.
You didn't know any spells.
Your spell library was empty.

Dungeon Overview and Level Annotations

Branches:
Dungeon (2/15)

Altars:


Message History

You block the gnoll's attack. The gnoll misses you.
A mysterious force pulls you upwards. The hatch slams shut behind you.
The gnoll barely misses you.
You are confused.
You feel invigorated. The gnoll completely misses you.
The gnoll closely misses you.
You barely miss the gnoll.
The gnoll hits you with a +1 whip of venom.
* * * LOW HITPOINT WARNING * * *
You are lethally poisoned!
The gnoll closely misses you.
You hit the gnoll.
The gnoll is lightly wounded.
* * * LOW HITPOINT WARNING * * *
You feel very sick.
The gnoll hits you with a +1 whip of venom.
You are more poisoned.
The gnoll closely misses you.
You miss the gnoll.
The gnoll is lightly wounded.
You feel very sick.
The gnoll hits you with a +1 whip of venom.
* * * LOW HITPOINT WARNING * * *
The gnoll misses you.
You bump into the rock wall.
* * * LOW HITPOINT WARNING * * *
You feel very sick.
The gnoll hits you with a +1 whip of venom.
* * * LOW HITPOINT WARNING * * *
You are more poisoned.
The gnoll completely misses you.
You bump into the rock wall.
You feel less invigorated.
You feel less confused.
* * * LOW HITPOINT WARNING * * *
You feel very sick.
The gnoll hits you with a +1 whip of venom.
* * * LOW HITPOINT WARNING * * *
You are more poisoned.
The gnoll hits you with a +0 club.
You die...

.####.............##.##...##.##
## #####รท....######.##.......#
########)...#.# #.#..###...###
...##.....###.# #.#.## ##....>
##.#......# #.# #...# #.....
##.......####.#######..#####.....
...........##.............####...
.#####.###.....#..######### #...
..# ### #####.#@## #### ..# #.gg#
..# ##### ###


You could see 2 gnolls.

Vanquished Creatures
  2 adders (D:2)
  2 dart slugs (D:1)
  An endoplasm (D:1)
  2 giant cockroaches
  4 hobgoblins (D:1)
  4 jackals (D:2)
  A quokka (D:2)
  5 kobolds
  5 rats
26 creatures vanquished.

Notes
Turn   | Place    | Note
-------+----------+-------------------------------------------
     0 | D:1      | greenreed the Hill Orc Monk began the quest for the Orb.
     0 | D:1      | Reached XP level 1. HP: 19/19 MP: 1/1
   187 | D:1      | Reached XP level 2. HP: 27/27 MP: 2/2
   561 | D:1      | You fall into a shaft and drop 1 floor!
   830 | D:2      | Reached XP level 3. HP: 29/33 MP: 3/3
  1099 | D:1      | Slain by a gnoll

Illustrated notes

Levels and vault maps discovered:
D:1:      mrwooster_arrival_statue, layout_rooms
D:2:      kennysheep_six_static_rooms, layout_rooms,
          ebering_ecumenical_altar_box

Skill      XL: |  1  2  3 |
---------------+----------+-----
Fighting       | 4 |  4.2
Polearms       | 4 |  4.0
Dodging        | |  2.8
Stealth        | |  1.8

Action                   || total
-------------------------++-------
Melee: Spear             ||   124
  Use: Potion            ||     1
 Stab: Sleeping          ||     7
Armor: Robe              ||    16
Dodge: Dodged            ||    72
Block: Buckler           ||    14

Table legend: (Time is in decaauts)
 A = Elapsed time spent in this place.
 B = Non-inter-level travel time spent in this place.
 C = Inter-level travel time spent in this place.
 D = Time resting spent in this place.
 E = Time spent auto-exploring this place.
 F = Levels seen in this place.
 G = Mean time per level.
                   A        B        C        D        E       F      G
               +--------+--------+--------+--------+--------+-----+--------+
         Total |   1091 |    989 |    102 |      0 |    724 |   2 |  545.5 |
       Dungeon |   1091 |    989 |    102 |      0 |    724 |   2 |  545.5 |
               +--------+--------+--------+--------+--------+-----+--------+

Top non-repeatable levels by time:
     D:1: 756 daAuts
     D:2: 335 daAuts
